 Dungeon Crawl Stone Soup version 0.29-a0-284-gf9362112df (webtiles) character file.

Game seed: 213189565735941791

350 epen the Archer (level 6, 0/51 HPs)
             Began as a Gnoll Hunter on Mar 15, 2022.
             Splashed by a goliath frog's acid (7 damage)
             ... summoned by a worldbinder
             ... on level 1 of the Abyss.
             The game lasted 00:04:40 (3055 turns).

epen the Archer (Gnoll Hunter)                      Turns: 3055, Time: 00:04:41

Health: 0/51       AC:  0    Str: 10    XL:     6   Next: 60%
Magic:  9/9        EV: 14    Int:  8    God:
Gold:   253        SH:  0    Dex: 18    Spells: 9/9 levels left

rFire   . . .      SeeInvis .   a - +1 shortbow
rCold   + . .      Faith    .   (shield currently unavailable)
rNeg    . . .      Spirit   .   b - +0 leather armour
rPois   .          Reflect  .   (no helmet)
rElec   .          Harm     .   s - +0 cloak
rCorr   .          Rampage  .   (no gloves)
Will    .....                   (no boots)
Stlth   ++........              (no amulet)
HPRegen 0.17/turn               p - ring of protection from cold
MPRegen 0.11/turn               u - +4 ring of slaying

@: about to teleport, corroded
A: fangs 1, strong nose, distributed training
a: no special abilities


You were on level 1 of the Abyss.
You visited 1 branch of the dungeon, and saw 4 of its levels.
You visited the Abyss 1 time.

You collected 253 gold pieces.

Inventory:

Hand Weapons
 a - a +1 shortbow (weapon)
Armour
 b - a +0 leather armour (worn)
 s - a +0 cloak (worn)
Jewellery
 p - a ring of protection from cold (left hand)
 u - a +4 ring of slaying (right hand)
Scrolls
 c - 2 scrolls of immolation
 f - 2 scrolls of fog
 k - a scroll of teleportation
 l - a scroll of torment {unknown}
 m - 3 scrolls of identify {unknown}
 o - 2 scrolls of enchant weapon {unknown}
 r - 2 scrolls of fear {unknown}
 t - a scroll of blinking {unknown}
 v - a scroll of brand weapon {unknown}
Potions
 d - 2 potions of curing
 e - 3 potions of heal wounds
 g - 3 potions of degeneration {unknown}
 i - a potion of lignification {unknown}
 j - a potion of invisibility {unknown}
 n - a potion of mutation {unknown}
 q - a potion of brilliance {unknown}


   Skills:
 + Level 5.0 Fighting
 + Level 2.0 Short Blades
 + Level 2.0 Long Blades
 + Level 2.0 Axes
 + Level 2.0 Maces & Flails
 + Level 2.0 Polearms
 + Level 2.0 Staves
 + Level 2.0 Slings
 + Level 8.8 Bows
 + Level 2.0 Crossbows
 + Level 2.0 Throwing
 + Level 2.0 Armour
 + Level 5.0 Dodging
 + Level 3.1 Stealth
 + Level 2.0 Shields
 + Level 2.0 Unarmed Combat
 + Level 2.0 Spellcasting
 + Level 1.6 Conjurations
 + Level 1.6 Hexes
 + Level 1.6 Summonings
 + Level 1.6 Necromancy
 + Level 1.6 Translocations
 + Level 1.6 Transmutations
 + Level 1.6 Fire Magic
 + Level 1.6 Ice Magic
 + Level 1.6 Air Magic
 + Level 1.6 Earth Magic
 + Level 1.6 Poison Magic
 + Level 2.2 Invocations
 + Level 2.0 Evocations


You had 9 spell levels left.
You didn't know any spells.
Your spell library contained the following spells:

 Spells                   Type           Power      Damage    Failure   Level
 Ensorcelled Hibernation  Hex/Ice        6%         N/A       36%         2
 Sublimation of Blood     Necr           3%         N/A       36%         2
 Spider Form              Tmut/Pois      3%         N/A       58%         3
 Anguish                  Hex/Necr       1%         N/A       94%         4
 Petrify                  Tmut/Erth      3%         N/A       94%         4
 Fireball                 Conj/Fire      1%         3d3       100%        5
 Irradiate                Conj/Tmut      1%         3d14      100%        5
 Iskenderun's Battlesphe  Conj           3%         2d6       100%        5
 Conjure Ball Lightning   Conj/Air       1%         3x3d6     100%        6
 Orb of Destruction       Conj           1%         9d5       100%        7


Dungeon Overview and Level Annotations

Branches:
Dungeon (4/15)
 Temple: D:4-7

Altars:
Fedhas

Shops:
D:2 *

Annotations:
D:4 Edmund


Innate Abilities, Weirdness & Mutations

You have very sharp teeth.
Your uncanny sense of smell can sniff out nearby items.
Your experience applies equally to all skills.


Message History

You add the spells Iskenderun's Battlesphere, Fireball, Conjure Ball Lightning and Orb of Destruction to your library.
Found a leather armour.
v - a scroll labelled YSAF PUOKHLUKH Edmund the Younger comes into view.
He is wielding a +2 dire flail of distortion.
You shoot an arrow. The arrow barely misses Edmund.
Edmund shouts!
You shoot an arrow.
The arrow hits Edmund but does no damage.
Edmund drinks a potion.
Edmund seems to speed up.
You aren't carrying any items that you can evoke.
You feel yourself speed up.
You shoot an arrow. The arrow hits Edmund.
Edmund is lightly wounded.
Edmund hits you with a +2 dire flail of distortion!
Space warps horribly around you!
You shoot an arrow. The arrow hits Edmund.
Edmund is lightly wounded.
Edmund misses you.
You shoot an arrow. The arrow barely misses Edmund.
Edmund hits you with a +2 dire flail of distortion.
You are cast into the Abyss!
This branch contains the abyssal rune of Zot.
Found a corrupted altar of Lugonu.
There is a corrupted altar of Lugonu here.
Your extra speed is starting to run out.
You are suddenly pulled into a different region of the Abyss!
You feel yourself slow down.
A worldbinder comes into view.
The worldbinder calls forth creatures from the Swamp!
As you read the scroll labelled NADDAO OROHARE, it crumbles to dust.
The scroll dissolves into smoke.
It was a scroll of fog.
The goliath frog hits you from afar. The acid corrodes you!
You are splashed with acid!
As you read the scroll labelled SIX ABREU, it crumbles to dust.
You feel strangely unstable.
You feel the power of the Abyss delaying your translocation!
It was a scroll of teleportation.
The goliath frog hits you from afar!!
* * * LOW HITPOINT WARNING * * *
You are splashed with acid!
You die...

...#.# #n..#.
###F.#..#
##.....#.
§§..##.#
#§#.# .####
## #F#x##..
..### #.
#§#§.#..##..#
. ##@###..
..##.. .#
#§§#...#
#.#.#. #..
##§§### . ##.
### ##.#
##### . ### #


You could see a goliath frog (summoned).

Vanquished Creatures
  A scorpion (D:4)
  A howler monkey (D:4)
  An orc priest (D:4)
  A jelly (D:4)
  2 iguanas (D:4)
  6 adders
  A worm (D:3)
  4 orcs (D:4)
  9 ball pythons
  2 endoplasms
  5 giant cockroaches
  4 goblins
  8 hobgoblins
  3 jackals (D:1)
  5 quokkas
  9 bats
  2 frilled lizards
  11 kobolds
  2 rats
77 creatures vanquished.

Notes
Turn   | Place    | Note
-------+----------+-------------------------------------------
     0 | D:1      | epen the Gnoll Hunter began the quest for the Orb.
     0 | D:1      | Reached XP level 1. HP: 20/20 MP: 1/1
     6 | D:1      | Noticed a black bear
     6 | D:1      | Noticed a hog
     7 | D:1      | Noticed a killer bee
     7 | D:1      | Noticed a rime drake
   101 | D:1      | Reached XP level 2. HP: 26/26 MP: 2/2
   309 | D:1      | Reached XP level 3. HP: 29/31 MP: 3/3
   883 | D:2      | Reached skill level 1 in Invocations
   941 | D:2      | Reached skill level 1 in Short Blades
   941 | D:2      | Reached skill level 1 in Long Blades
   941 | D:2      | Reached skill level 1 in Axes
   941 | D:2      | Reached skill level 1 in Maces & Flails
   941 | D:2      | Reached skill level 1 in Polearms
   941 | D:2      | Reached skill level 1 in Staves
   941 | D:2      | Reached skill level 1 in Slings
   941 | D:2      | Reached skill level 1 in Crossbows
   941 | D:2      | Reached skill level 1 in Throwing
   941 | D:2      | Reached skill level 1 in Armour
   941 | D:2      | Reached skill level 1 in Shields
   941 | D:2      | Reached skill level 1 in Unarmed Combat
   941 | D:2      | Reached skill level 1 in Spellcasting
   941 | D:2      | Reached skill level 1 in Evocations
   976 | D:2      | Reached XP level 4. HP: 13/38 MP: 5/5
  1229 | D:2      | Found Mauqool's General Store.
  1273 | D:2      | Reached skill level 1 in Conjurations
  1273 | D:2      | Reached skill level 1 in Hexes
  1273 | D:2      | Reached skill level 1 in Summonings
  1273 | D:2      | Reached skill level 1 in Necromancy
  1273 | D:2      | Reached skill level 1 in Translocations
  1273 | D:2      | Reached skill level 1 in Transmutations
  1273 | D:2      | Reached skill level 1 in Fire Magic
  1273 | D:2      | Reached skill level 1 in Ice Magic
  1273 | D:2      | Reached skill level 1 in Air Magic
  1273 | D:2      | Reached skill level 1 in Earth Magic
  1273 | D:2      | Reached skill level 1 in Poison Magic
  1639 | D:3      | Reached XP level 5. HP: 40/43 MP: 6/6
  2226 | D:3      | Found a blossoming altar of Fedhas.
  2537 | D:4      | Reached XP level 6. HP: 50/50 MP: 8/8
  2548 | D:4      | Reached skill level 5 in Fighting
  2548 | D:4      | Reached skill level 5 in Dodging
  2946 | D:4      | Noticed Edmund
  2956 | D:4      | Cast into level 1 of the Abyss (Edmund)
  2956 | Abyss:1  | Found a corrupted altar of Lugonu.
  3049 | Abyss:1  | Noticed a worldbinder
  3051 | Abyss:1  | Noticed a goliath frog
  3051 | Abyss:1  | Noticed a bog body
  3051 | Abyss:1  | Noticed a goliath frog
  3055 | Abyss:1  | Splashed by a goliath frog's acid

Illustrated notes

Levels and vault maps discovered:
D:1:      onia_arrival_zoo_common, layout_loops_ring
D:2:      minmay_kobold_bridge, layout_rooms, serial_shops,
          nicolae_shop_statue_plus, skrybe_limestone_x,
          minmay_misc_feat_more_columns, minmay_tetromino_l4
D:3:      layout_basic, fedhas_altar_1
D:4:      layout_loops_cross, hangedman_abyss_or_decor_stabs,
          lemuel_flame_loot_1, uniq_grinder, uniq_edmund
Abyss:1:  base: Temple, evilmike_abyss_exit_13,
          hangedman_abyss_or_decor_lesser_grid

Skill      XL: |  1  2  3  4  5  6 |
---------------+-------------------+-----
Invocations    | 1 2 |  2.2
Short Blades   | 1 2 |  2.0
Long Blades    | 1 2 |  2.0
Axes           | 1 2 |  2.0
Maces & Flails | 1 2 |  2.0
Polearms       | 1 2 |  2.0
Staves         | 1 2 |  2.0
Slings         | 1 2 |  2.0
Crossbows      | 1 2 |  2.0
Throwing       | 1 2 |  2.0
Armour         | 1 2 |  2.0
Shields        | 1 2 |  2.0
Unarmed Combat | 1 2 |  2.0
Spellcasting   | 1 2 |  2.0
Evocations     | 1 2 |  2.0
Conjurations   | 1 |  1.6
Hexes          | 1 |  1.6
Summonings     | 1 |  1.6
Necromancy     | 1 |  1.6
Translocations | 1 |  1.6
Transmutations | 1 |  1.6
Fire Magic     | 1 |  1.6
Ice Magic      | 1 |  1.6
Air Magic      | 1 |  1.6
Earth Magic    | 1 |  1.6
Poison Magic   | 1 |  1.6
Fighting       | 5 |  5.0
Dodging        | 5 |  5.0
Stealth        | 3 |  3.1
Bows           | |  8.8

Action                   |  1- 3 |  4- 6 || total
-------------------------+-------+-------++-------
 Fire: Shortbow          |    81 |   106 ||   187
  Use: Potion            |       |     3 ||     3
       Scroll            |       |     2 ||     2
Armor: Leather armour    |     4 |    10 ||    14
Dodge: Dodged            |    14 |    35 ||    49

Table legend: (Time is in decaauts)
 A = Elapsed time spent in this place.
 B = Non-inter-level travel time spent in this place.
 C = Inter-level travel time spent in this place.
 D = Time resting spent in this place.
 E = Time spent auto-exploring this place.
 F = Levels seen in this place.
 G = Mean time per level.
                   A        B        C        D        E       F      G
               +--------+--------+--------+--------+--------+-----+--------+
         Total |   3060 |   3003 |     57 |    159 |   2368 |   5 |  612.0 |
       Dungeon |   2976 |   2919 |     57 |    159 |   2368 |   4 |  744.0 |
         Abyss |     84 |     84 |      0 |      0 |      0 |   1 |   84.0 |
               +--------+--------+--------+--------+--------+-----+--------+

Top non-repeatable levels by time:
     D:3: 813 daAuts
     D:1: 805 daAuts
     D:2: 771 daAuts
     D:4: 585 daAuts
 Abyss:1: 84 daAuts
